 Dungeon Crawl Stone Soup version 0.28.0-53-g5a82cb258f (webtiles) character file.

Game seed: 9402369107694417261

606 mrburnz the Cudgeller (level 7, -1/66 HPs)
             Began as a Minotaur Berserker on June 9, 2022.
             Was a Believer of Trog.
             Succumbed to an adder's poison
             ... on level 4 of the Dungeon.
             The game lasted 00:09:45 (4004 turns).

mrburnz the Cudgeller (Minotaur Berserker)          Turns: 4004, Time: 00:09:46

Health: -1/66      AC:  3    Str: 24    XL:     7   Next: 19%
Magic:  6/6        EV: 11    Int:  4    God:    Trog [**....]
Gold:   142        SH:  0    Dex:  9    Spells: 6/6 levels left

rFire   . . .      SeeInvis .   d - +0 flail
rCold   . . .      Faith    .   (no shield)
rNeg    . . .      Spirit   .   i - +0 leather armour
rPois   .          Reflect  .   (helmet restricted)
rElec   .          Harm     .   (no cloak)
rCorr   .          Rampage  .   (no gloves)
Will    .....                   (no boots)
Stlth   ..........              (no amulet)
HPRegen 0.21/turn               (no ring)
MPRegen 0.10/turn               (no ring)

@: confused, lethally poisoned (-1 -> -12)
A: horns 2, retaliatory headbutt
a: Renounce Religion, Berserk, Trog's Hand


You were on level 4 of the Dungeon.
You worshipped Trog.
Trog was pleased with you.
You visited 1 branch of the dungeon, and saw 4 of its levels.

You collected 142 gold pieces.

Inventory:

Hand Weapons
 a - a +0 mace
 d - a +0 flail (weapon)
Armour
 i - a +0 leather armour (worn)
Wands
 k - a wand of digging (4)
 o - a wand of flame (21)
Scrolls
 c - a scroll of summoning {unknown}
 j - a scroll of enchant weapon {unknown}
 m - a scroll of fog {unknown}
Potions
 b - a potion of resistance
 e - a potion of berserk rage {unknown}
 f - a potion of curing {unknown}
 g - a potion of degeneration {unknown}
 h - 2 potions of ambrosia {unknown}
 l - a potion of heal wounds {unknown}
 n - a potion of haste {unknown}


   Skills:
 + Level 7.0 Fighting
 + Level 7.9 Maces & Flails
 - Level 2.4 Armour
 - Level 2.2 Dodging


You had 6 spell levels left.
You didn't know any spells.
Your spell library was empty.

Dungeon Overview and Level Annotations

Branches:
Dungeon (4/15)
 Temple: D:4-7

Altars:
Cheibriados
Gozag

Shops:
D:2 *=(   D:4 *


Innate Abilities, Weirdness & Mutations

You have a pair of horns on your head.
You reflexively headbutt those who attack you in melee.


Message History

The orc wizard mumbles some strange words.
The orc wizard flickers and vanishes!
Something hits you. Something burns you.
You hit something. The adder barely misses you. You furiously retaliate!
You headbutt the adder! Something hits you.
You hear some strange, mumbled words.
A puff of flame appears from out of thin air!
The puff of flame hits you! The adder barely misses you.
You miss something.
Something hits you. x2; Something burns you.
The adder closely misses you.
You completely miss something. The adder bites you.
Something hits you but does no damage. x2
You closely miss something. The adder bites you but does no damage.
You hear some strange, mumbled words.
You are confused.
You hear some strange, mumbled words.
A magic dart appears from out of thin air!
The magic dart hits you!
* * * LOW HITPOINT WARNING * * *
You bump into the rock wall.
The adder bites you.
* * * LOW HITPOINT WARNING * * *
You are poisoned.
The adder poisons you!
You hear some strange, mumbled words.
A magic dart appears from out of thin air!
The magic dart hits you!
* * * LOW HITPOINT WARNING * * *
Something hits you.
* * * LOW HITPOINT WARNING * * *
Something burns you.
* * * LOW HITPOINT WARNING * * *
The adder bites you.
* * * LOW HITPOINT WARNING * * *
You are more poisoned.
The adder poisons you!
You sock something! Trog accepts your kill.
Trog appreciates your killing of a magic user.
Reactivating autopickup.
You feel a bit more experienced.
You die...

##.(.. ... ##...#
#.#.#.#
.....##.......####
......##.#. .#....
......#..> .....
......##.# #...#
##....#..# #.oo#
##....#..######S{#
......#..##..###@#
......#........).#
##...##...<....>.##..##
##...##..##..##.......#
.........##..######...#
.............# ###
#....##........
#....##........
#...............


You could see an orc wizard, an adder and an orc.

Vanquished Creatures
  Grinder (D:3)
  2 black bears (D:4)
  An orc priest (D:3)
  A hound (D:2)
  A jelly (D:4)
  An orc wizard (D:4)
  3 gnolls (D:2)
  4 adders
  2 adder skeletons (D:4)
  2 worms
  3 dart slugs
  7 orcs
  3 ball pythons
  3 bats
  5 endoplasms (D:1)
  A giant cockroach (D:2)
  8 hobgoblins
  4 jackals
  3 quokkas
  A frilled lizard (D:1)
  5 goblins
  5 kobolds
  A rat (D:2)
67 creatures vanquished.

Vanquished Creatures (others)
  11 plants (D:4)
11 creatures vanquished.

Grand Total: 78 creatures vanquished

Notes
Turn   | Place    | Note
-------+----------+-------------------------------------------
     0 | D:1      | mrburnz the Minotaur Berserker began the quest for the Orb.
     0 | D:1      | Reached XP level 1. HP: 19/19 MP: 0/0
    74 | D:1      | Reached XP level 2. HP: 27/27 MP: 1/1
   516 | D:1      | Found a faded altar of an unknown god.
   641 | D:2      | Reached XP level 3. HP: 25/34 MP: 2/2
   734 | D:2      | Found a snail-covered altar of Cheibriados.
  1085 | D:2      | Found Hampuag's Weapon Shop.
  1118 | D:2      | Found Sibbovu's Jewellery Shop.
  1218 | D:2      | Reached XP level 4. HP: 41/41 MP: 3/3
  1235 | D:2      | Reached skill level 5 in Maces & Flails
  1865 | D:2      | Reached skill level 5 in Fighting
  1962 | D:2      | Found Neun's General Store.
  2432 | D:3      | Reached ** piety under Trog
  2454 | D:3      | Noticed Grinder
  2460 | D:3      | Paralysed by Grinder for 3 turns
  2463 | D:3      | Killed Grinder
  2464 | D:3      | Reached XP level 5. HP: 20/50 MP: 4/4
  2464 | D:3      | Reached XP level 6. HP: 23/57 MP: 5/5
  3227 | D:3      | Found an opulent altar of Gozag.
  3438 | D:4      | Found Egomedwe's Assorted Antiques.
  3576 | D:4      | Reached XP level 7. HP: 33/66 MP: 6/6
  4003 | D:4      | HP: 1/66 [adder (3)]
  4004 | D:4      | Succumbed to an adder's poison

Illustrated notes

Levels and vault maps discovered:
D:1:      minmay_arrival_semitransparent, layout_rooms,
          dilly_ecumenical_altar_fadedgnrine
D:2:      layout_basic, serial_shops, nicolae_diamond_shop,
          nicolae_shop_bloodbath_and_beyond,
          nicolae_shop_competitors_out_of_business, basic_altar, nrook_uturn
D:3:      layout_basic, amcnicky_altar_gilded, uniq_grinder
D:4:      layout_gridville, serial_shops, nicolae_square_shop, st_stairs_8,
          chequers_big_river, kennysheep_generic_room_7, uniq_menkaure

Skill      XL: |  1  2  3  4  5  6 |
---------------+-------------------+-----
Fighting       | 4 6 7 |  7.0
Maces & Flails | 4 6 7 |  7.9
Armour         | |  2.4
Dodging        | |  2.2

Action                   |  1- 3 |  4- 6 |  7- 9 || total
-------------------------+-------+-------+-------++-------
Melee: Mace              |    45 |       |       ||    45
       Punch             |     1 |     3 |       ||     4
       Headbutt          |     5 |    13 |       ||    18
       Flail             |     8 |    84 |    15 ||   107
Invok: Berserk           |       |     1 |       ||     1
Armor: Animal skin       |     8 |    14 |       ||    22
       Leather armour    |       |    11 |     9 ||    20
Dodge: Dodged            |    28 |    47 |     8 ||    83
